 Dungeon Crawl Stone Soup version 0.29-a0-997-gf6f7e2dfe7 (webtiles) character file.

Game seed: 3681572017565439128

1682 Newt the Poker (level 8, 0/64 HPs)
             Began as a Demonspawn Gladiator on Aug 4, 2022.
             Slain by Maggie
             ... wielding a +4 vorpal broad axe
              (4 damage)
             ... on level 7 of the Dungeon.
             The game lasted 00:13:53 (7002 turns).

Newt the Poker (Demonspawn Gladiator)               Turns: 7002, Time: 00:13:55

Health: 0/64       AC: 19    Str: 18    XL:     8   Next: 71%
Magic:  8/8        EV:  6    Int:  9    God:
Gold:   120        SH:  0    Dex: 14    Spells: 7/7 levels left

rFire   . . .      SeeInvis .   z - +5 shortbow (flame)
rCold   . . .      Faith    .   (shield currently unavailable)
rNeg    . . .      Spirit   .   i - +0 plate armour
rPois   .          Reflect  .   c - +0 helmet
rElec   .          Harm     .   j - +0 cloak
rCorr   .          Rampage  .   h - +1 pair of gloves
Will    .....                   (no boots)
Stlth   ..........              (no amulet)
HPRegen 0.20/turn               (no ring)
MPRegen 0.11/turn               (no ring)

@: silenced, studying Ranged Weapons
A: rugged brown scales 3, spiny 1, weakness stinger 2
a: no special abilities


You were on level 7 of the Dungeon.
You visited 2 branches of the dungeon, and saw 9 of its levels.

You collected 318 gold pieces.
You spent 198 gold pieces at shops.

Inventory:

Hand Weapons
 a - a +1 trident
 y - a +0 shortbow
 z - a +5 shortbow of flaming (weapon)
Missiles
 d - a throwing net
 e - a javelin
 f - 2 boomerangs
 m - 2 atropa-tipped darts
 o - 4 poisoned darts
 w - 4 datura-tipped darts
Armour
 b - a +0 leather armour
 c - a +0 helmet (worn)
 h - a +1 pair of gloves (worn)
 i - a +0 plate armour (worn)
 j - a +0 cloak (worn)
 l - a +0 chain mail
Jewellery
 p - a ring of wizardry
Scrolls
 n - a scroll of amnesia
 v - 5 scrolls of identify
Potions
 g - 3 potions of degeneration
 q - a potion of flight
 s - a potion of magic
 A - 2 potions of berserk rage


   Skills:
 + Level 4.1 Fighting
 + Level 6.9 Polearms
 * Level 3.7 Ranged Weapons
 * Level 4.8 Throwing
 + Level 4.2 Armour
 + Level 3.1 Dodging
 + Level 0.2 Stealth


You had 7 spell levels left.
You didn't know any spells.
Your spell library contained the following spells:

 Spells                   Type           Power      Damage    Failure   Level
 Gell's Gravitas          Tloc           0%         N/A       100%        3
 Teleport Other           Tloc           0%         N/A       100%        3
 Dispersal                Tloc           0%         N/A       100%        6


Dungeon Overview and Level Annotations

Branches:
Dungeon (8/15)             Temple (1/1) D:4
   Lair: D:8-11

Altars:
Ashenzari
Dithmenos
Fedhas
Hepliaklqana
Kikubaaqudgha
Makhleb
Nemelex Xobeh
Okawaru
Qazlal
Ru
Sif Muna
Trog
Uskayaw
Vehumet
Wu Jian
Xom
Yredelemnul

Shops:
D:1 ?   D:4 *

Annotations:
D:5 2 transporters, chamandro's ghost, novice MfGl
D:7 Dowan; Duvessa; Maggie; Pikel


Innate Abilities, Weirdness & Mutations

You are completely covered in rugged brown scales. (AC +3, +7% HP)
You are partially covered in sharp spines.
You have a tail ending in a sharp stinger.


Message History

You shoot an arrow. The arrow hits the lemure!
The arrow burns the lemure.
The lemure is almost dead.
You hear a shout!
Maggie hits you with a +4 vorpal broad axe.
The lemure is struck by your spines. The lemure hits you but does no damage.
Maggie is struck by your spines.
Maggie hits you with a +4 vorpal broad axe.
The lemure barely misses you.
You feel better. Maggie is struck by your spines.
Maggie hits you with a +4 vorpal broad axe.
The lemure hits you but does no damage.
Read: scroll of silence
Press: ? - help, Q - select action, (/) - cycle Dir - look around, f - activate
As you read the scroll of silence, it crumbles to dust.
A profound silence engulfs you.
You break out of your daze!
The lemure completely misses you. Maggie hits you but does no damage.
The lemure is struck by your spines.
You kill the lemure!
That felt strangely unrewarding.
Maggie attacks as you move away! Maggie is struck by your spines.
Maggie hits you with a +4 vorpal broad axe!
* * * LOW HITPOINT WARNING * * *
x2 The lemure is struck by your spines.
The lemure hits you but does no damage. The scorpion closely misses you.
The lemure is struck by your spines. The lemure hits you but does no damage.
Maggie attacks as you move away!
Maggie hits you with a +4 vorpal broad axe!
* * * LOW HITPOINT WARNING * * *
x2 The lemure attacks as you move away!
The lemure barely misses you.
Found a stone staircase leading up.
The lemure attacks as you move away! The lemure is struck by your spines.
The lemure hits you but does no damage.
Found a runed dagger.
The lemure hits you but does no damage. The lemure attacks as you move away!
The lemure hits you but does no damage. 3 gnolls come into view.
A gnoll is wielding a +2 spear of freezing.
Maggie attacks as you move away!
Maggie hits you with a +4 vorpal broad axe.
You die...

! 5.. #.#....#
..................#
.........#g ... ..#
#.........g..
#.<...#...gg.#
.).#...#.#..
...#... g# ...
#...# #.# ...###@.#
..# ....#5@##.# #
##...#s5..# #.K
..........##....
####...#...K.##.
................ .
... ...##..>.#.....
##..# .. ##.
#......###+ ....#
#.. ..........#


You could see Maggie, Pikel, 2 lemures, a scorpion and 4 gnolls.

Vanquished Creatures
  Grinder (D:4)
  A wyvern (D:6)
  2 ice beasts
  A black bear (D:4)
  A centaur (D:6)
  A lemure (D:7)
  3 bullfrogs
  A necrophage (D:5)
  5 scorpions
  A hound (D:5)
  2 jellies
  An orc priest (D:5)
  2 iguanas (D:6)
  Natasha (D:4)
  3 orc wizards
  5 gnolls
  5 adders
  An ufetubus (D:6)
  A worm (D:2)
  A dart slug (D:2)
  22 orcs
  A bat zombie (D:5)
  7 endoplasms
  6 giant cockroaches
  6 goblins
  6 hobgoblins
  5 jackals
  5 kobolds
  3 quokkas
  4 ball pythons
  8 bats
  A frilled lizard (D:1)
  7 rats
120 creatures vanquished.

Vanquished Creatures (others)
  A gnoll (D:8)
  3 fungi (D:8)
  8 plants
12 creatures vanquished.

Grand Total: 132 creatures vanquished

Notes
Turn   | Place    | Note
-------+----------+-------------------------------------------
     0 | D:1      | Newt the Demonspawn Gladiator began the quest for the Orb.
     0 | D:1      | Reached XP level 1. HP: 16/16 MP: 1/1
   213 | D:1      | Reached skill level 3 in Polearms
   214 | D:1      | Gained mutation: You are partially covered in rugged brown
                  | scales. (AC +1, +3% HP) [demonic ancestry]
   214 | D:1      | Reached XP level 2. HP: 11/22 MP: 2/2
   417 | D:1      | Found Wotocimo's Magic Scroll Shop.
   853 | D:2      | Gained mutation: You are mostly covered in rugged brown
                  | scales. (AC +2, +5% HP) [demonic ancestry]
   853 | D:2      | Reached XP level 3. HP: 10/28 MP: 3/3
  1941 | D:3      | Gained mutation: You are completely covered in rugged brown
                  | scales. (AC +3, +7% HP) [demonic ancestry]
  1941 | D:3      | Reached XP level 4. HP: 27/36 MP: 4/4
  2228 | D:3      | Reached skill level 1 in Armour
  2243 | D:3      | Reached skill level 4 in Polearms
  2832 | D:4      | Found a hazy altar of Hepliaklqana.
  2923 | D:4      | Found a snail-covered altar of Cheibriados.
  2926 | D:4      | Found a shimmering altar of Xom.
  2926 | D:4      | Found a sacrificial altar of Ru.
  2928 | D:4      | Found an ancient bone altar of Kikubaaqudgha.
  2928 | D:4      | Found an ornate altar of the Wu Jian Council.
  2928 | D:4      | Found a stormy altar of Qazlal.
  2965 | D:4      | Found Muorhaer's Assorted Antiques.
  3125 | D:4      | Gained mutation: You have a small tail. [demonic ancestry]
  3125 | D:4      | Reached XP level 5. HP: 41/41 MP: 5/5
  3159 | D:4      | Found a staircase to the Ecumenical Temple.
  3226 | Temple   | Entered the Ecumenical Temple
  3687 | D:4      | Found a radiant altar of Vehumet.
  3696 | D:4      | Noticed Grinder
  3704 | D:4      | Paralysed by Grinder for 3 turns
  3717 | D:4      | Paralysed by Grinder for 5 turns
  3725 | D:4      | Paralysed by Grinder for 3 turns
  3737 | D:4      | Killed Grinder
  3738 | D:4      | Reached XP level 6. HP: 20/49 MP: 6/6
  4014 | D:4      | Found a blossoming altar of Fedhas.
  4014 | D:4      | Noticed Natasha
  4041 | D:4      | Reached skill level 5 in Polearms
  4043 | D:4      | Killed Natasha
  4346 | D:5      | Entered Level 5 of the Dungeon
  4346 | D:5      | Found a transporter.
  4372 | D:5      | Gained mutation: You are partially covered in sharp spines.
                  | [demonic ancestry]
  4372 | D:5      | Reached XP level 7. HP: 47/55 MP: 7/7
  4694 | D:5      | Noticed chamandro's ghost (novice MfGl)
  4698 | D:5      | Found a transporter.
  4754 | D:5      | Found an ancient bone altar of Kikubaaqudgha.
  4938 | D:6      | Noticed a wyvern
  4954 | D:6      | Killed a wyvern
  4955 | D:6      | Reached skill level 6 in Polearms
  5148 | D:6      | Found a basalt altar of Yredelemnul.
  5157 | D:6      | Gained mutation: You have a tail ending in a sharp stinger.
                  | [demonic ancestry]
  5157 | D:6      | Reached XP level 8. HP: 51/64 MP: 8/8
  6013 | D:2      | You fall into a shaft and drop 2 floors!
  6111 | D:4      | Bought a glowing shortbow for 198 gold pieces
  6338 | D:6      | Reached skill level 1 in Ranged Weapons
  6449 | D:6      | Noticed an air elemental
  6451 | D:6      | Found a stormy altar of Qazlal.
  6529 | D:6      | Found a sparkling altar of Nemelex Xobeh.
  6736 | D:7      | Noticed Maggie
  6737 | D:7      | Noticed Duvessa
  6737 | D:7      | Noticed Dowan
  6748 | D:7      | Noticed Pikel
  6832 | D:8      | Noticed a catoblepas
  6998 | D:7      | HP: 3/64 [Maggie/+4 vorpal broad axe (3)]
  7002 | D:7      | Slain by Maggie

Illustrated notes

Levels and vault maps discovered:
D:1:      lightli_arrival_farm, layout_loops_ring, serial_shops, shop,
          serial_bayou_pond_c, kennysheep_another_room
D:2:      layout_rooms, minmay_pentomino_r2
D:3:      layout_basic
D:4:      layout_basic, nicolae_vehumet_altar_sigil, doesnt_xom_only_xom,
          fedhas_altar_fruit_tree, mainiacjoe_overflow_concentric_impassable,
          minmay_temple_entry_junction, serial_shops, shop, uniq_grinder,
          uniq_natasha
D:5:      layout_cave_pools, mainiacjoe_overflow_chevrons,
          lemuel_zombie_altar_kikubaaqudgha, gammafunk_ghost_stat_death
D:6:      layout_loops_ring, old_standard_altar, nicolae_overflow_hidden_temple,
          nicolae_qazlal_style_of_elements, minmay_manual_monstrance
D:7:      layout_rooms, slow_altar_2, lemuel_doored_altar, uniq_pikel,
          uniq_maggie, uniq_duvessa
D:8:      layout_basic, minmay_lair_entry_grove, serial_glass, glass_columns_b,
          glass_columns_a, glass_columns_a, glass_columns_a,
          minmay_strange_pillars, minmay_strange_pillars, uniq_gastronok
Temple:   dpeg_chambers_temple

Skill      XL: |  1  2  3  4  5  6  7  8 |
---------------+-------------------------+-----
Polearms       | 3 4 5 6 |  6.9
Dodging        | 3 |  3.1
Throwing       | 2 3 4 |  4.8
Armour         | 1 2 3 4 |  4.2
Fighting       | 3 4 |  4.1
Ranged Weapons | 3 |  3.7
Stealth        | |  0.2

Action                   |  1- 3 |  4- 6 |  7- 9 || total
-------------------------+-------+-------+-------++-------
Melee: Trident           |   152 |   128 |    90 ||   370
       Punch             |     2 |     1 |     1 ||     4
       Tailslap          |       |     6 |    15 ||    21
       Shortbow          |       |       |     1 ||     1
 Fire: Shortbow          |       |       |    48 ||    48
Throw: Dart              |       |     4 |     4 ||     8
       Throwing net      |       |     3 |     2 ||     5
       Boomerang         |       |     1 |       ||     1
  Use: Scroll            |     9 |     5 |     6 ||    20
       Potion            |       |     3 |     3 ||     6
 Stab: Sleeping          |     2 |       |       ||     2
Armor: Leather armour    |    35 |       |       ||    35
       Chain mail        |    32 |    66 |       ||    98
       Plate armour      |       |    12 |   132 ||   144
Dodge: Dodged            |    80 |    34 |    29 ||   143

Table legend: (Time is in decaauts)
 A = Elapsed time spent in this place.
 B = Non-inter-level travel time spent in this place.
 C = Inter-level travel time spent in this place.
 D = Time resting spent in this place.
 E = Time spent auto-exploring this place.
 F = Levels seen in this place.
 G = Mean time per level.
                   A        B        C        D        E       F      G
               +--------+--------+--------+--------+--------+-----+--------+
         Total |   7065 |   6182 |    883 |    736 |   4354 |   9 |  785.0 |
       Dungeon |   6693 |   5968 |    725 |    736 |   4150 |   8 |  836.6 |
        Temple |    372 |    214 |    158 |      0 |    204 |   1 |  372.0 |
               +--------+--------+--------+--------+--------+-----+--------+

Top non-repeatable levels by time:
     D:4: 1353 daAuts
     D:6: 1164 daAuts
     D:3: 1104 daAuts
     D:1: 1052 daAuts
     D:2: 1008 daAuts
     D:5: 637 daAuts
  Temple: 372 daAuts
     D:7: 268 daAuts
     D:8: 103 daAuts
